 Dungeon Crawl Stone Soup version 0.29-a0-352-g0917bc69df (webtiles) character file.

Game seed: 10778609778301318838

4 sokol815 the Sneak (level 1, -1/16 HPs)
             Began as an Octopode Delver on Apr 24, 2022.
             Hit by a stone thrown by a kobold (2 damage)
             ... on level 5 of the Dungeon.
             The game lasted 00:01:29 (126 turns).

sokol815 the Sneak (Octopode Delver)                 Turns: 126, Time: 00:01:31

Health: -1/16      AC:  1    Str: 11    XL:     1   Next: 60%
Magic:  1/1        EV: 13    Int: 12    God:
Gold:   0          SH:  0    Dex: 13    Spells: 0/0 levels left

rFire   . . .      SeeInvis .   a - +0 hand axe
rCold   . . .      Faith    .   (no shield)
rNeg    . . .      Spirit   .   (helmet restricted)
rPois   .          Reflect  .   (no amulet)
rElec   .          Harm     .   (no ring)
rCorr   .          Rampage  .   (no ring)
Will    .....                   (no ring)
Stlth   ++++......              (no ring)
HPRegen 0.05/turn               (no ring)
MPRegen 0.07/turn               (no ring)
                                (no ring)
                                (no ring)

@: lethally poisoned (-1 -> -2), hasted, very quick
A: almost no armour, amphibious, 8 rings, camouflage 1, gelatinous body 1,
(nimble swimmer 1), tentacles
a: no special abilities


You were on level 5 of the Dungeon.
You visited 1 branch of the dungeon, and saw 1 of its levels.

Inventory:

Hand Weapons
 a - a +0 hand axe (weapon)
Missiles
 c - 2 javelins
 e - a silver javelin
 f - a throwing net {!d}
 s - 30 stones (quivered)
Wands
 d - a wand of digging (3)
Scrolls
 b - a scroll of fog
 E - a scroll of fear


   Skills:
 + Level 3.0 Fighting
 + Level 2.1 Axes
 + Level 2.1 Dodging
 + Level 6.6 Stealth


You couldn't memorise any spells.
You didn't know any spells.
Your spell library was empty.

Dungeon Overview and Level Annotations

Branches:
Dungeon (5/15)
 Temple: D:4-7

Altars:
Ru

Shops:
D:5 (

Annotations:
D:5 Dowan, Duvessa


Innate Abilities, Weirdness & Mutations

You cannot wear most types of armour.
You are amphibious.
You can wear up to eight rings at the same time.
Your skin changes colour to match your surroundings (Stealth+).
Your rubbery body absorbs attacks. (AC +1, EV +1)
((You are camouflaged when in or above water. (Stealth+)))
You have tentacles for arms and can constrict up to eight enemies at once.


Message History

You hear the sound of rushing water.
There is an entrance to a sewer on this level.
Hurry and find it before the portal rusts away!
Welcome, sokol815 the Octopode Delver.
Will you be the one to retrieve the breathtaking Orb of Zot from the depths?
Found a stone staircase leading down.
Really read
X - a scroll of magic mapping {@r4!r}?
As you read the scroll of magic mapping {@r4!r}, it crumbles to dust.
You feel aware of your surroundings.
You sensed 1 altar, and 2 shops/portals.
A jelly comes into view.
The jelly moves out of view.
Found a sacrificial altar of Ru.
s - 22 stones (quivered)
Found 3 golden potions and a stone.
Found Plog's Firing Range.
There is an entrance to Plog's Firing Range here.
s - 23 stones (gained 1)
s - 24 stones (gained 1)
c - a javelin
c - 2 javelins (gained 1)
You hear the slow rusting of a very distant drain.
e - a silver javelin You see here a stone.
You see here a stone.
s - 25 stones (gained 1)
You see here a stone.
s - 26 stones (gained 1)
You hit the training dummy. x2
You hit the training dummy but do no damage.
You hit the training dummy. You squeeze the training dummy.
You destroy the training dummy!
You hit the training dummy but do no damage. x2
You hit the training dummy. x2
You hit the training dummy.
You destroy the training dummy!
You hit the training dummy.
You destroy the training dummy!
s - 27 stones (gained 1);
s - 28 stones (gained 1);
s - 29 stones (gained 1)
f - a throwing net {!d}
s - 30 stones (gained 1)
You hear a distant slurping noise.
There is an entrance to Plog's Firing Range here.
Duvessa, Sister of Dowan comes into view.
She is wielding a +0 short sword.
A gnoll and a water moccasin come into view.
The gnoll moves out of view.
You hear the slow rusting of a very distant drain.
A gnoll comes into view. It is wielding a +0 spear.
The water moccasin hisses angrily.
You hear a shout!
A kobold comes into view. It is wielding a +0 dagger.
A kobold comes into view. It is wielding a +0 dagger.
Found a stone staircase leading down.
The water moccasin hisses angrily. 2 kobolds and an adder come into view.
The kobold shouts!
You hear a shout! x2; You hear an angry hiss.
The adder moves out of view.
A kobold brigand comes into view.
It is wielding a +0 short sword and quivering poisoned darts.
An iguana comes into view.
A kobold comes into view. It is wielding a +0 dagger.
You feel yourself speed up.
The kobold throws a stone.
The stone barely misses you.
A scorpion comes into view.
The water moccasin bites you.
You are lethally poisoned!
The water moccasin poisons you!
You take 1 damage, and have 15/16 hp.
You feel very sick. The kobold barely misses you.
You take 3 damage, and have 12/16 hp.
You feel sick.
You take 1 damage, and have 11/16 hp.
You feel sick.
You take 2 damage, and have 9/16 hp.
You feel sick.
You take 1 damage, and have 8/16 hp.
Dowan, Brother of Duvessa comes into view.
He is wielding a +0 dagger and carrying a wand of polymorph (7).
You feel sick.
You take 2 damage, and have 6/16 hp.
You feel sick.
You take 1 damage, and have 5/16 hp.
* * * LOW HITPOINT WARNING * * *
You feel sick.
You take 1 damage, and have 4/16 hp.
* * * LOW HITPOINT WARNING * * *
You feel sick.
You take 1 damage, and have 3/16 hp.
* * * LOW HITPOINT WARNING * * *
You feel sick.
* * * LOW HITPOINT WARNING * * *
You feel sick.
You take 1 damage, and have 2/16 hp.
* * * LOW HITPOINT WARNING * * *
You feel sick.
The kobold throws a stone.
The stone barely misses you.
You take 1 damage, and have 1/16 hp.
You aren't carrying any potions.
The kobold throws a stone.
The stone hits you.
You die...

,,,,* *,,,,*,,,,,,,,,,,*,,,,,,,,
,,,,* *,,,,*,,,,,,,,****,,,,,,*,
*#.*****,,,,*,,,,,,,,* *,,,,,,*,
*#..,,,,,,,,*******,*****,,,****,
,...,,,,,,,,,,,,,,,,,,,,,,,,,,,,,
*#..,,,,,,#########,**********,*,
*#.#*****##.......#,,,,,,,,***+*,
.#.# #........#,,,,,,,,,,,,,,
.#K#######......@.#,,,,<,,,,,,,,,
K.K......K..............,,,,,,,,,
.#g####..SS..#....#...##***,,,,,,
##.####......#....#,..#****,,,,,,
.....##......#....#,,...,**,,,,,,
.....#...........$..*,..,**,,,,,,
.....#....#..........,,.,,,,,,,,,
..........#........?.,,,,,,,,,,,,
..............e..*,,,,,,,,,***,**


You could see a water moccasin, an adder and a kobold.

Vanquished Creatures
  3 training dummies (D:5)
3 creatures vanquished.

Notes
Turn   | Place    | Note
-------+----------+-------------------------------------------
     0 | D:5      | sokol815 the Octopode Delver began the quest for the Orb.
     0 | D:5      | Reached XP level 1. HP: 16/16 MP: 1/1
    10 | D:5      | Noticed a jelly
    15 | D:5      | Found a sacrificial altar of Ru.
    39 | D:5      | Found Plog's Firing Range.
    86 | D:5      | Noticed Duvessa
    97 | D:5      | Noticed a water moccasin
   111 | D:5      | Noticed a kobold brigand
   111 | D:5      | Noticed an iguana
   112 | D:5      | Noticed a scorpion
   117 | D:5      | Noticed Dowan
   119 | D:5      | HP: 4/16 [poisoned by a water moccasin]
   124 | D:5      | HP: 2/16 [poisoned by a water moccasin]
   126 | D:5      | Hit by a stone thrown by a kobold

Illustrated notes

Levels and vault maps discovered:
D:5:      layout_basic, nicolae_ru_path_of_blood, portal_sewer_entry_f,
          nicolae_shop_firing_range, uniq_duvessa

Action                   || total
-------------------------++-------
Melee: Hand axe          ||     4
       Tentacles         ||     1
  Use: Scroll            ||     1
       Potion            ||     1
Dodge: Dodged            ||     3

Table legend: (Time is in decaauts)
 A = Elapsed time spent in this place.
 B = Non-inter-level travel time spent in this place.
 C = Inter-level travel time spent in this place.
 D = Time resting spent in this place.
 E = Time spent auto-exploring this place.
 F = Levels seen in this place.
 G = Mean time per level.
                   A        B        C        D        E       F      G
               +--------+--------+--------+--------+--------+-----+--------+
         Total |    122 |    122 |      0 |      0 |      0 |   1 |  122.0 |
       Dungeon |    122 |    122 |      0 |      0 |      0 |   1 |  122.0 |
               +--------+--------+--------+--------+--------+-----+--------+

Top non-repeatable levels by time:
     D:5: 122 daAuts

Table legend:
 A = Kills in this place as a percentage of kills in entire the game.
 B = Kills by you in this place as a percentage of kills by you in the entire game.
 C = Kills by friends in this place as a percentage of kills by friends in the entire game.
 D = Other kills in this place as a percentage of other kills in the entire game.
 E = Experience gained in this place as a percentage of experience gained in the entire game.
 F = Experience gained in this place divided by the number of levels of this place that you have seen.
                   A       B       C       D       E      F
               +-------+-------+-------+-------+-------+----------------------
         Total | 100.0 | 100.0 |   N/A |   N/A | 100.0 |   6.0
       Dungeon | 100.0 | 100.0 |   N/A |   N/A | 100.0 |   6.0
               +-------+-------+-------+-------+-------+----------------------
